 Dungeon Crawl Stone Soup version 0.21.1-1-g345015f (webtiles) character file.

123 maniek23 the Sneak (level 4, -1/30 HPs)
             Began as a Vampire Enchanter on Feb 25, 2018.
             Slain by a leopard gecko (4 damage)
             ... on level 2 of the Dungeon.
             The game lasted 00:11:49 (3163 turns).

maniek23 the Sneak (Vampire Enchanter)              Turns: 3163, Time: 00:11:49

Health: -1/30      AC:  2    Str:  7    XL:     4   Next: 80%
Magic:  1/7        EV: 13    Int: 17    God:
Gold:   92         SH:  0    Dex: 15    Spells: 4/8 levels left

rFire    . . .     SeeInvis +   a - +1 dagger
rCold    . . .     Gourm    .   (no shield)
rNeg     + . .     Faith    .   b - +0 robe
rPois    .         Spirit   .   (no helmet)
rElec    .         Reflect  .   (no cloak)
rCorr    .         Harm     .   (no gloves)
MR       .....                  (no boots)
Stlth    +++.......             (no amulet)
HPRegen  0.10/turn              (no ring)
MPRegen  0.10/turn              (no ring)

@: no status effects
A: fangs 3, see invisible, unbreathing
a: Bat Form


You were on level 2 of the Dungeon.
You were not thirsty.

You visited 1 branch of the dungeon, and saw 3 of its levels.

You collected 92 gold pieces.

Inventory:

Hand Weapons
 a - a +1 dagger (weapon)
 l - a +2 hunting sling of flaming
 u - a +1 trident of piercing
Armour
 b - a +0 robe (worn)
Jewellery
 w - an uncursed amulet of magic regeneration {unknown}
Wands
 r - a wand of disintegration (14)
 x - a wand of acid (11)
Scrolls
 g - 7 scrolls of identify {unknown}
 h - a scroll of fear {unknown}
 i - a scroll of noise {unknown}
 n - a scroll of enchant weapon {unknown}
 s - a scroll of teleportation {unknown}
 t - a scroll of blinking {unknown}
Potions
 d - a potion of blood
 e - 3 potions of heal wounds {unknown}
 f - a potion of resistance {unknown}
 j - 2 potions of curing {unknown}
 k - a potion of haste {unknown}
 m - 2 potions of mutation {unknown}
 o - a potion of agility {unknown}
 p - a potion of might {unknown}
 q - a potion of ambrosia {unknown}
 v - a potion of brilliance {unknown}
Books
 c - a book of Maledictions

   Spells                             Type                      Level
   a - Corona                         Hexes                        1
   b - Ensorcelled Hibernation        Hexes/Ice                    2
   c - Confuse                        Hexes                        3
   d - Tukima's Dance                 Hexes                        3
   e - Dazzling Spray                 Conjuration/Hexes            3


   Skills:
 + Level 2.1 Short Blades
 + Level 2.7 Dodging
 * Level 5.9 Stealth
 + Level 2.5 Spellcasting
 * Level 5.8 Hexes


You had 4 spell levels left.
You knew the following spells:

 Your Spells              Type           Power        Failure   Level  Hunger
a - Corona                Hex            ###....      1%          1    #......
b - Confuse               Hex            ###.....     4%          3    ###....


Dungeon Overview and Level Annotations

Branches:
Dungeon (3/15)

Altars:
Cheibriados
Qazlal


Innate Abilities, Weirdness & Mutations

You have razor-sharp teeth.
You have supernaturally acute eyesight. (SInv)
You can survive without breathing.


Message History

You hit the leopard gecko.
The leopard gecko is heavily wounded.
The leopard gecko misses you.
You hit the leopard gecko but do no damage.
The leopard gecko is heavily wounded.
The leopard gecko bites you.
* * * LOW HITPOINT WARNING * * *
You hit the leopard gecko.
The leopard gecko is almost dead.
The leopard gecko completely misses you.
You hit the leopard gecko but do no damage.
The leopard gecko is almost dead.
The leopard gecko closely misses you.
Casting: Confuse
Confirm with . or Enter, or press ? or * to list all spells.
Aiming: Confuse
Press: ? - help, Shift-Dir - straight line, f - leopard gecko
Aim: a leopard gecko (almost dead, chance to defeat MR: 69%)
The leopard gecko struggles to resist.
The leopard gecko bites you.
You die...

#.###########.# #.....÷..).##.#
#.######......##
##.######.......###
#..................
#.>#####........##.
############..###.........#...
####.............l...........#...
.......>.(..####@###.#.##.##.....
####.######.####.###.#.##.####...
#.######..÷............# #...
####.........#######......######.
.....(######.# ##.^.≈.^.§........
#####.# #.# #.§#≈...#§#≈#####.
......# #.# #..≈≈^..##§≈# ##
####### #.# #≈.^#≈.≈##≈.###
##.###^^^≈^.(.^≈...#


You could see a leopard gecko.

Vanquished Creatures
  Terence (D:3)
  2 adders
  An ooze (D:2)
  4 worms
  A dart slug (D:2)
  5 leopard geckos
  2 orcs (D:3)
  4 giant cockroaches
  6 goblins
  5 hobgoblins
  A quokka (D:3)
  2 ball pythons
  9 bats
  3 frilled lizards (D:1)
  6 kobolds
  8 rats
60 creatures vanquished.

Notes
Turn   | Place    | Note
-------+----------+-------------------------------------------
     0 | D:1      | maniek23 the Vampire Enchanter began the quest for the Orb.
     0 | D:1      | Reached XP level 1. HP: 13/13 MP: 3/3
   248 | D:1      | Reached XP level 2. HP: 16/19 MP: 5/5
   812 | D:2      | Reached skill level 5 in Hexes
   832 | D:2      | Found a snail-covered altar of Cheibriados.
  1153 | D:2      | Found a stormy altar of Qazlal.
  1174 | D:2      | Reached skill level 5 in Stealth
  1210 | D:2      | Reached XP level 3. HP: 21/24 MP: 6/6
  1409 | D:1      | Learned a level 3 spell: Confuse
  2395 | D:2      | Reached XP level 4. HP: 22/30 MP: 7/7
  2968 | D:3      | Noticed Terence
  3014 | D:3      | Killed Terence
  3163 | D:2      | Slain by a leopard gecko

Skill      XL: |  1  2  3  4 |
---------------+-------------+-----
Hexes          | 5 |  5.8
Stealth        | 5 |  5.9
Short Blades   | 2 |  2.1
Dodging        | |  2.7
Spellcasting   | |  2.5

Action                   |  1- 3 |  4- 6 || total
-------------------------+-------+-------++-------
Melee: Dagger            |   188 |    50 ||   238
       Bite              |    18 |     2 ||    20
 Cast: Confuse           |     9 |     8 ||    17
 Stab: Sleeping          |     8 |     3 ||    11
       Confused          |     5 |     5 ||    10
  Eat: Corpse            |     8 |     5 ||    13
Armor: Robe              |    39 |     2 ||    41
Dodge: Dodged            |   136 |    41 ||   177
